 Dungeon Crawl Stone Soup version 0.15-a0-1293-g4a08026 (webtiles) character file.

46 Quh the Unweaver (level 3, -1/29 HPs)
             Began as a Demonspawn Abyssal Knight on June 6, 2014.
             Was a Follower of Lugonu.
             Succumbed to Ijyb's poison
             ... on Level 2 of the Dungeon.
             The game lasted 00:08:41 (1473 turns).

Quh the Unweaver (Demonspawn Abyssal Knight)        Turns: 1473, Time: 00:08:41

HP  -1/29        AC  6     Str 13      XL: 3   Next: 44%
MP   5/5         EV  8     Int 13      God: Lugonu [*.....]
Gold 40          SH  0     Dex 12      Spells:  0 memorised,  2 levels left

rFire  . . .     SeeInvis .     a - +1 spear
rCold  . . .     Clarity  .     i - +0 scale mail
rNeg   . . .     rCorr    .     (no shield)
rPois  .         rRot     .     (no helmet)
rElec  .         Spirit   .     (no cloak)
SustAb .         Warding  .     (no gloves)
rMut   .         Stasis   .     (no boots)
Gourm  .                        (no amulet)
MR     .....                    (no ring)
                                d - ring of flight

@: lethally poisoned, not resistant to hostile enchantments, extremely
unstealthy
A: claws 1
a: Depart the Abyss, Renounce Religion, Evoke Flight


You were on level 2 of the Dungeon.
You worshipped Lugonu.
Lugonu was aware of your devotion.
You were very hungry.

You visited 1 branch of the dungeon, and saw 2 of its levels.
You visited the Abyss 1 time.

You collected 40 gold pieces.

Inventory:

Hand weapons
 a - a +1,+1 spear (weapon)
Missiles
 k - 16 arrows of flame
 l - 37 stones (quivered)
Armour
 b - a +0 leather armour
 h - a +0 ring mail
 i - a +0 scale mail (worn)
Comestibles
 c - a bread ration
 p - 4 fruits
 r - a slice of pizza
Scrolls
 f - a scroll of identify
 j - a scroll of recharging {unknown}
 n - a scroll of magic mapping {unknown}
 o - a scroll of enchant weapon II {unknown}
Jewellery
 d - a ring of flight (left claw)
Potions
 m - a potion of curing {unknown}


   Skills:
 - Level 3.0 Fighting
 * Level 2.7 Polearms
 - Level 1.7 Armour
 - Level 0.8 Dodging
 * Level 4.0 Invocations


You had 2 spell levels left.
You didn't know any spells.

Dungeon Overview and Level Annotations

Branches:
Dungeon (2/15)

Altars:

Annotations:
D:2 Ijyb


Innate Abilities, Weirdness & Mutations

You have sharp fingernails.


Message History

You hit Ijyb.
Ijyb is heavily wounded.
You feel sick.
Ijyb drinks a potion.
Ijyb is healed!
You hit Ijyb but do no damage.
You feel sick. Ijyb barely misses you.
You closely miss Ijyb.
You feel sick. Ijyb hits you but does no damage.
You are more poisoned.
Your scale mail prevents you from hitting Ijyb.
You feel sick. Ijyb hits you with a dagger of venom.
You are more poisoned.
Read which item? (? for menu, Esc to quit)
As you read the scroll labeled AXEISA SEGERGHA, it crumbles to dust.
You feel forgetful for a moment.
It was a scroll of amnesia.
* * * LOW HITPOINT WARNING * * *
You feel sick. Ijyb hits you but does no damage.
You are more poisoned.
* * * LOW HITPOINT WARNING * * *
You feel very sick.
* * * LOW HITPOINT WARNING * * *
You feel sick.
You die...

... #.......... ###...
.......... .## ##....
#####.##....##
....##....##....(..##...#.
.(....#.......###...##.##..
##.........#...#...<(..##..
....(..................)...
......(...#.#...#.###.#...##
........?g.@............#.#
###.##.#..........##......#
#................#.###
###..................#
#......##.........####
#....#........#...##
#.....#.............#
#.####.......%...##.### #
#.....###......).####


You could see Ijyb.

Vanquished Creatures
  A giant mite (D:2)
  A worm (D:2)
  A giant gecko (D:1)
  An ooze (D:1)
  A giant cockroach (D:1)
  5 hobgoblins
  7 kobolds
  A quokka (D:2)
  A ball python (D:1)
  4 bats
  2 giant newts (D:1)
  3 goblins
  3 rats (D:1)
31 creatures vanquished.

Notes
Turn   | Place    | Note
--------------------------------------------------------------
     0 | Abyss:1  | Quh, the Demonspawn Abyssal Knight, began the quest for the Orb.
     0 | Abyss:1  | Reached XP level 1. HP: 18/18 MP: 1/1
    46 | Abyss:1  | Noticed a wretched star
    46 | Abyss:1  | Noticed a spatial maelstrom
    47 | D:1      | Escaped the Abyss
   273 | D:1      | Acquired Lugonu's first power
   364 | D:1      | Gained mutation: You have sharp fingernails. [demonic ancestry]
   364 | D:1      | Reached XP level 2. HP: 21/24 MP: 3/3
   898 | D:2      | Reached XP level 3. HP: 18/29 MP: 5/5
  1222 | D:2      | Reached skill level 4 in Invocations
  1450 | D:2      | Noticed Ijyb
  1473 | D:2      | Succumbed to Ijyb's poison

Action                   || total
-------------------------++-------
Melee: Spear             ||   120
Throw: Stone             ||    44
Invok: Depart the Abyss  ||     1
  Use: Scroll            ||     2
